 Dungeon Crawl Stone Soup version 0.23.1 (webtiles) character file.

Game seed: 14977636776178281661

576 Borgoz the Cutter (level 7, -9/60 HPs)
             Began as a Ghoul Gladiator on Mar 8, 2019.
             Killed by divine providence
             ... invoked by an orc priest
              (11 damage)
             ... on level 5 of the Dungeon.
             The game lasted 00:07:31 (3747 turns).

Borgoz the Cutter (Ghoul Gladiator)                 Turns: 3747, Time: 00:07:32

Health: -9/60      AC:  6    Str: 18    XL:     7   Next: 35%
Magic:  6/6        EV: 13    Int:  5    God:
Gold:   272        SH:  2    Dex: 10    Spells: 6/6 levels left

rFire    . . .     SeeInvis .   a - +0 rapier
rCold    + . .     Gourm    .   (no shield)
rNeg     + + +     Faith    .   b - +0 leather armour
rPois    ∞         Spirit   .   c - +0 helmet
rElec    .         Reflect  +   E - +0 cloak
rCorr    .         Harm     .   g - +0 pair of gloves
MR       .....                  (no boots)
Stlth    ..........             F - +2 amulet of reflection
HPRegen  0.00/turn              o - ring of attention (curse)
MPRegen  0.10/turn              (no ring)

@: rotting
A: rotting body, claws 1, carnivore, cold resistance 1, negative energy
resistance 3, inhibited regeneration, torment resistance, unbreathing
a: no special abilities


You were on level 5 of the Dungeon.
You were not hungry.

You visited 1 branch of the dungeon, and saw 5 of its levels.

You collected 272 gold pieces.

Inventory:

Hand Weapons
 a - a +0 rapier (weapon)
Missiles
 d - 3 throwing nets (quivered)
 r - 2 needles of sleeping
 z - 6 tomahawks
Armour
 b - a +0 leather armour (worn)
 c - a +0 helmet (worn)
 g - a +0 pair of gloves (worn)
 E - a +0 cloak (worn)
Jewellery
 l - an uncursed amulet of magic regeneration
 o - a cursed ring of attention (left hand)
 F - a +2 amulet of reflection (around neck)
Wands
 s - a wand of polymorph (7)
Scrolls
 j - 5 scrolls of identify {unknown}
 k - 4 scrolls of remove curse {unknown}
 n - 2 scrolls of enchant weapon {unknown}
 p - a scroll of teleportation {unknown}
 t - a scroll of immolation {unknown}
 u - a scroll of fog
 y - a scroll of magic mapping {unknown}
 A - a scroll of enchant armour {unknown}
 B - 4 scrolls of fear {unknown}
Potions
 e - 4 potions of curing
 h - a potion of degeneration {unknown}
 i - a potion of ambrosia {unknown}
 m - 2 potions of brilliance {unknown}
 q - a potion of flight {unknown}
 x - a potion of cancellation {unknown}
 C - a potion of haste {unknown}
 D - 2 potions of mutation {unknown}
Comestibles
 f - 7 rations
 v - 4 chunks of flesh


   Skills:
 + Level 4.4 Fighting
 + Level 5.3 Short Blades
 - Level 1.7 Throwing
 + Level 2.3 Armour
 + Level 3.9 Dodging
 + Level 1.0 Stealth


You had 6 spell levels left.
You didn't know any spells.
Your spell library contained the following spells:

 Spells                   Type           Power        Failure   Level  Hunger
 Flame Tongue             Conj/Fire      #....        54%         1    ##.....
 Throw Flame              Conj/Fire      #.....       67%         2    ###....
 Conjure Flame            Conj/Fire      #.......     88%         3    ####...
 Inner Flame              Hex/Fire       #.......     88%         3    ####...
 Sticky Flame             Conj/Fire      #.......     99%         4    #####..
 Fireball                 Conj/Fire      #.........   100%        5    ######.


Dungeon Overview and Level Annotations

Branches:
Dungeon (5/15)
 Temple: D:4-7

Altars:
Dithmenos
Qazlal
Trog
Zin
The Shining One

Shops:
D:4 %

Annotations:
D:4 2 transporters, 1 runed translucent door, appiemonkey's ghost, amateur OpSk


Innate Abilities, Weirdness & Mutations

Your body is rotting away.
You thrive on raw meat.
You are immune to poison.
You have sharp fingernails.
You are carnivorous and can eat meat at any time.
Your flesh is cold resistant. (rC+)
You are immune to negative energy. (rN+++)
You do not regenerate when monsters are visible.
You are immune to unholy pain and torment.
You can survive without breathing.


Message History

The orc priest calls upon Beogh to heal the orc priest.
The orc priest is healed somewhat.
The orc hits you with a +0 mace! The orc closely misses you.
The orc priest barely misses you. You block the orc's attack.
The orc priest calls down the wrath of Beogh upon you.
Beogh smites you!
* * * LOW HITPOINT WARNING * * *
The orc priest hits you with a +1 vampiric falchion.
* * * LOW HITPOINT WARNING * * *
There is an open door, spattered with blood here.
Things that are here:
a +0 hand axe; a +0 leather armour The centaur wields a +0 shortbow.
The centaur shoots an arrow.
The arrow hits you!
* * * LOW HITPOINT WARNING * * *
You see here an arrow.
The centaur shoots an arrow.
The arrow barely misses you.
The orc priest invokes the aid of Beogh against you.
Beogh smites you!
You die...

#######........# #........#
#........# ### #.....)..# #.#
#..o.....# ###### #.##
####'##### #....#######...
######o#### #....'.......#.
#......c..#####....#########.
#......)..o(@.'....# #.......
#........o.####....# #.######
#######....# ########.#
#....# #<.....# #...##
###.#### #...# #.# #..(# ###
#####


You could see a centaur, an orc priest and 2 orcs.

Vanquished Creatures
  A phantom (D:4)
  A scorpion (D:4)
  2 orc priests
  2 hounds (D:4)
  Jessica (D:2)
  An iguana (D:5)
  2 orc wizards
  2 worker ants (D:4)
  7 adders
  An adder skeleton (D:4)
  2 worms (D:2)
  2 dart slugs
  5 leopard geckos
  9 orcs
  A ball python (D:3)
  7 bats
  6 giant cockroaches
  8 goblins
  3 hobgoblins
  18 jackals
  7 kobolds
  A quokka (D:2)
  4 frilled lizards
  A quokka skeleton (D:4)
  6 rats
100 creatures vanquished.

Notes
Turn   | Place    | Note
-------+----------+-------------------------------------------
     0 | D:1      | Borgoz the Ghoul Gladiator began the quest for the Orb.
     0 | D:1      | Reached XP level 1. HP: 17/17 MP: 0/0
   103 | D:1      | Reached XP level 2. HP: 6/25 MP: 1/1
   106 | D:1      | Reached skill level 3 in Short Blades
   477 | D:1      | Reached XP level 3. HP: 28/30 MP: 2/2
  1003 | D:2      | Noticed Jessica
  1010 | D:2      | Killed Jessica
  1010 | D:2      | Reached XP level 4. HP: 26/37 MP: 3/3
  1023 | D:2      | Reached skill level 1 in Armour
  1753 | D:3      | Reached XP level 5. HP: 29/45 MP: 4/4
  1781 | D:3      | You fall through a shaft!
  1865 | D:4      | Found a transporter.
  1884 | D:4      | Found a transporter.
  1904 | D:4      | Reached skill level 4 in Short Blades
  2089 | D:3      | You fall through a shaft!
  2113 | D:3      | Found a bloodstained altar of Trog.
  2191 | D:3      | Reached XP level 6. HP: 33/51 MP: 5/5
  2316 | D:3      | Found a stormy altar of Qazlal.
  2409 | D:3      | Found a glowing silver altar of Zin.
  2544 | D:3      | Found a glowing golden altar of the Shining One.
  2814 | D:4      | Found Icaecy's Food Shoppe.
  2878 | D:4      | Noticed a phantom
  2955 | D:4      | Killed a phantom
  2955 | D:4      | Reached skill level 1 in Stealth
  2994 | D:4      | Reached skill level 5 in Short Blades
  2994 | D:4      | Reached XP level 7. HP: 26/59 MP: 6/6
  3274 | D:4      | Found a shadowy altar of Dithmenos.
  3412 | D:4      | Found a runed translucent door.
  3415 | D:4      | Noticed appiemonkey's ghost (amateur OpSk)
  3458 | D:5      | Entered Level 5 of the Dungeon
  3746 | D:5      | HP: 2/60 [centaur/arrow (7)]
  3747 | D:5      | Killed from afar by an orc priest

Skill      XL: |  1  2  3  4  5  6 |
---------------+-------------------+-----
Short Blades   | 3 4 5 |  5.3
Dodging        | 3 |  3.9
Armour         | 1 2 |  2.3
Fighting       | 3 4 |  4.4
Stealth        | 1 |  1.0
Throwing       | |  1.7

Action                   |  1- 3 |  4- 6 |  7- 9 || total
-------------------------+-------+-------+-------++-------
Melee: Rapier            |   102 |   257 |    66 ||   425
  Use: Scroll            |     3 |       |       ||     3
       Potion            |       |     3 |     3 ||     6
 Stab: Distracted        |     1 |       |       ||     1
  Eat: Chunk             |     7 |     7 |     8 ||    22
Armor: Leather armour    |    47 |    59 |    26 ||   132
Dodge: Dodged            |    86 |   163 |    54 ||   303
Block: Other             |       |     4 |     4 ||     8
